 Dungeon Crawl Stone Soup version 0.30.0-5-g1a98f26d00 (webtiles) character file.

Game seed: 16192810468035673825

37 Hubris850 the Digger (level 3, 0/26 HPs)
             Began as a Meteoran Earth Elementalist on May 9, 2023.
             Slain by a jackal (1 damage)
             ... on level 2 of the Dungeon.
             The game lasted 00:02:19 (608 turns).

Hubris850 the Digger (Meteoran Earth Elementalist)   Turns: 608, Time: 00:02:19

Health: 0/26       AC:  2    Str:  9    XL:     3   Next: 88%
Magic:  1/8        EV: 13    Int: 19    God:
Gold:   50         SH:  0    Dex: 14    Spells: 7/8 levels left

rFire   . . .        c - +0 dagger
rCold   . . .        (no shield)
rNeg    . . .        a - +0 robe
rPois   .            (no helmet)
rElec   .            (no cloak)
rCorr   .            (no gloves)
SInv    .            (no boots)
Will    .....        (no amulet)
Stlth   +            (no ring)
HPRegen 0.24/turn    (no ring)
MPRegen 0.11/turn

%: no passive effects
@: glowing
A: sense surroundings 1, otherworldly, glowing, explore regen
a: no special abilities


You were on level 2 of the Dungeon.
You visited 1 branch of the dungeon, and saw 2 of its levels.

You collected 50 gold pieces.

Inventory:

Hand Weapons
 c - a +0 dagger (weapon)
Missiles
 d - 2 throwing nets
 f - 4 poisoned darts
Armour
 a - a +0 robe (worn)
Scrolls
 e - 2 scrolls of enchant weapon {unknown}
 g - a scroll of vulnerability {unknown}
Potions
 b - a potion of magic
 h - 2 potions of curing {unknown}
 i - 3 potions of heal wounds {unknown}
 j - a potion of mutation {unknown}


   Skills:
 + Level 3.0 Dodging
 - Level 1.4 Stealth
 + Level 3.2 Spellcasting
 + Level 2.1 Transmutations
 + Level 4.1 Earth Magic


You had 7 spell levels left.
You knew the following spells:

 Your Spells              Type           Power      Damage    Failure   Level
a - Sandblast             Erth           36%        2d10      2%          1

Your spell library contained the following spells:

 Spells                   Type           Power      Damage    Failure   Level
 Passwall                 Tmut/Erth      12%        N/A       6%          2
 Stone Arrow              Conj/Erth      20%        3d8       19%         3
 Petrify                  Tmut/Erth      15%        N/A       38%         4
 Frozen Ramparts          Ice            6%         1d1       41%         3
 Ice Form                 Ice/Tmut       7%         N/A       67%         4
 Summon Ice Beast         Ice/Summ       3%         N/A       83%         4


Dungeon Overview and Level Annotations

Branches:
Dungeon (2/15) Zot: 576

Altars:


Innate Abilities, Weirdness & Mutations

You passively map a small area around you.
You are easily found by Zot.
You glow in the dark.
You regain HP and MP as you explore.


Message History

Aiming: Sandblast (safe; 2% risk of failure)
Press: ? - help, Shift-Dir - straight line, f/p - adder
Aim: an adder (70% to hit)
The blast of sand misses the adder.
You feel sick. The jackal bites you. The jackal misses you.
The adder bites you but does no damage.
The jackal bites you but does no damage.
The jackal closely misses you. The adder misses you.
Casting: Sandblast (safe; 2% risk of failure)
Confirm with . or Enter, or press ? or * to list all spells.
Aiming: Sandblast (safe; 2% risk of failure)
Press: ? - help, Shift-Dir - straight line, f/p - adder
Aim: an adder (70% to hit)
The blast of sand hits the adder!
You kill the adder!
You feel sick. The jackal bites you. x2
* * * LOW HITPOINT WARNING * * *
The jackal misses you.
The jackal bites you but does no damage.
The frilled lizard bites you.
* * * LOW HITPOINT WARNING * * *
The giant cockroach barely misses you.
Unknown command.
Okay, then.
Unknown command.
Casting: Sandblast (safe; 2% risk of failure)
Confirm with . or Enter, or press ? or * to list all spells.
Aiming: Sandblast (safe; 2% risk of failure)
Press: ? - help, Shift-Dir - straight line, f - giant cockroach
Aim: a giant cockroach (82% to hit)
The blast of sand hits the giant cockroach.
You kill the giant cockroach!
You feel sick.
You are no longer poisoned.
The jackal barely misses you. x2; The jackal bites you.
* * * LOW HITPOINT WARNING * * *
The jackal misses you.
The frilled lizard bites you but does no damage.
The frilled lizard closely misses you. The jackal misses you.
The jackal bites you.
You die...

########### #.........#
, * #.........# *
#.........### *
#...........# ,,
#..?......#.# *
#†@.........# ,
#...hhl.......## ,,
....#...........######
,
.###..###.#..........##
, ,
...#*##.............##
#### ##..............^#
, , , ..........).....#
, .#..............# , ,
#..............#


You could see 2 jackals and a frilled lizard.

Vanquished Creatures
  2 adders (D:2)
  A ball python (D:1)
  2 giant cockroaches (D:2)
  A goblin (D:2)
  A hobgoblin (D:2)
  6 jackals
  2 quokkas (D:1)
  2 bats
17 creatures vanquished.

Notes
Turn   | Place    | Note
-------+----------+-------------------------------------------
     0 | D:1      | Hubris850 the Meteoran Earth Elementalist began the quest
                  | for the Orb.
     0 | D:1      | Reached XP level 1. HP: 14/14 MP: 5/5
   253 | D:1      | Reached XP level 2. HP: 20/20 MP: 2/6
   497 | D:1      | Glimpsed the power of Zot.
   548 | D:2      | Reached XP level 3. HP: 10/26 MP: 1/8
   549 | D:2      | Reached skill level 4 in Earth Magic
   608 | D:2      | HP: 1/26 [jackal (2)]
   608 | D:2      | Slain by a jackal

Illustrated notes

Levels and vault maps discovered:
D:1:      dpeg_arrival_court, layout_basic
D:2:      cheibrodos_old_hovel, layout_rooms, serial_park_tiny_2

Skill      XL: |  1  2  3 |
---------------+----------+-----
Spellcasting   | 3 |  3.2
Transmutations | 2 |  2.1
Earth Magic    | 4 |  4.1
Dodging        | 3 |  3.0
Stealth        | |  1.4

Action                     || total
---------------------------++-------
   Cast: Sandblast         ||    28
 Armour: Robe              ||    11
  Dodge: Dodged            ||    29
